 Dungeon Crawl Stone Soup version 0.28.0-43-g3370ac3207 (webtiles) character file.

Game seed: 8930277878441518078

98 silky the Covered (level 4, 0/41 HPs)
             Began as a Minotaur Fighter on Mar 29, 2022.
             Succumbed to Crazy Yiuf's poison
             ... on level 2 of the Dungeon.
             The game lasted 00:06:37 (1776 turns).

silky the Covered (Minotaur Fighter)                Turns: 1776, Time: 00:06:38

Health: 0/41       AC:  7    Str: 22    XL:     4   Next: 43%
Magic:  3/3        EV:  8    Int:  9    God:
Gold:   80         SH:  8    Dex: 10    Spells: 3/3 levels left

rFire   + . .      SeeInvis .   k - +6 dagger of Tuotu {vorpal, rF+ Int+4}
rCold   . . .      Faith    .   l - +0 kite shield
rNeg    . . .      Spirit   .   b - +0 scale mail
rPois   .          Reflect  .   (helmet restricted)
rElec   .          Harm     .   (no cloak)
rCorr   .          Rampage  .   (no gloves)
Will    .....                   (no boots)
Stlth   ..........              (no amulet)
HPRegen 0.13/turn               (no ring)
MPRegen 0.08/turn               (no ring)

@: mighty, lethally poisoned (0 -> -6)
A: horns 2, retaliatory headbutt
a: no special abilities


You were on level 2 of the Dungeon.
You visited 1 branch of the dungeon, and saw 2 of its levels.

You collected 80 gold pieces.

Inventory:

Hand Weapons
 e - a +2 short sword of holy wrath
 k - the +6 dagger of Tuotu (weapon) {vorpal, rF+ Int+4}
   (You found it on level 2 of the Dungeon)

   It inflicts extra damage upon your enemies.
   Int:       It affects your intelligence (+4).
   rF:        It protects you from fire.
Armour
 b - a +0 scale mail (worn)
 l - a +0 kite shield (worn)
Scrolls
 a - a scroll of enchant armour
 g - a scroll of noise
 i - a scroll of fog
 j - a scroll of teleportation
Potions
 h - a potion of brilliance


   Skills:
 + Level 4.3 Fighting
 + Level 0.5 Short Blades
 + Level 3.2 Polearms
 + Level 4.8 Armour
 + Level 0.1 Dodging
 + Level 4.1 Shields


You had 3 spell levels left.
You didn't know any spells.
Your spell library was empty.

Dungeon Overview and Level Annotations

Branches:
Dungeon (2/15)

Altars:
Sif Muna

Shops:
D:1 (   D:2 (


Innate Abilities, Weirdness & Mutations

You have a pair of horns on your head.
You reflexively headbutt those who attack you in melee.


Message History

You see here a +0 ring mail.
Found a mace.
Found a mace.
Found a mace.
Found a runed translucent door.
Unknown command.
Crazy Yiuf shouts!
You open the door.
Crazy Yiuf whimpers, "Paint hog foot!"
You block Crazy Yiuf's attack.
You hit Crazy Yiuf.
Crazy Yiuf is moderately wounded.
Crazy Yiuf hits you with a +4 quarterstaff of chaos.
You are electrocuted!!
Ouch! That really hurt!
You hit Crazy Yiuf but do no damage.
Crazy Yiuf is moderately wounded.
Crazy Yiuf cries, "Iron senile seventy!"
Crazy Yiuf barely misses you.
Press: ? - help, v - describe, . - travel A tree.
As you read the scroll of teleportation, it crumbles to dust.
You feel strangely unstable. You block Crazy Yiuf's attack.
You puncture Crazy Yiuf!
Crazy Yiuf is severely wounded.
Crazy Yiuf sings, "Trees, trees, trees, circus!"
Crazy Yiuf hits you with a +4 quarterstaff of chaos!
* * * LOW HITPOINT WARNING * * *
You are lethally poisoned!
You closely miss Crazy Yiuf. You headbutt Crazy Yiuf!
You kill Crazy Yiuf!
* * * LOW HITPOINT WARNING * * *
You feel very sick.
You feel strangely stable.
You feel magically purged.
* * * LOW HITPOINT WARNING * * *
You feel sick.
You feel very mighty all of a sudden.
* * * LOW HITPOINT WARNING * * *
You feel sick.
You die...

#.## #.##..## ..#
#.###..# ### ### ####
####♣♣ ### ###...P♣♣
♣♣#..)#
######....)PP♣♣♣♣.'...#
...##..#....P.♣.@♣#...#
##....###.)P.♣.♣♣♣ ###
#####..####♣♣♣♣♣ #
#...## #####.#..##
...##.##..# ..###.###.#
..# #.# #(## ..###.#
#..#


There were no monsters in sight!

Vanquished Creatures
  Crazy Yiuf (D:2)
  2 adders (D:2)
  A worm (D:2)
  3 dart slugs
  2 endoplasms
  A giant cockroach (D:1)
  3 goblins
  8 hobgoblins
  3 kobolds
  4 quokkas
  4 ball pythons
  4 bats (D:2)
  3 frilled lizards
  A rat (D:1)
40 creatures vanquished.

Notes
Turn   | Place    | Note
-------+----------+-------------------------------------------
     0 | D:1      | silky the Minotaur Fighter began the quest for the Orb.
     0 | D:1      | Reached XP level 1. HP: 19/19 MP: 0/0
   183 | D:1      | Reached XP level 2. HP: 27/27 MP: 1/1
   218 | D:1      | Found Cacaexyu's Weapon Shoppe.
  1101 | D:1      | Reached XP level 3. HP: 33/33 MP: 2/2
  1308 | D:2      | Identified the +6 dagger of Tuotu {vorpal, rF+ Int+4}
  1595 | D:2      | Found a shimmering blue altar of Sif Muna.
  1610 | D:2      | Found Ikekuseng's Weapon Shop.
  1616 | D:2      | Reached XP level 4. HP: 37/40 MP: 3/3
  1762 | D:2      | Found a runed translucent door.
  1763 | D:2      | Noticed Crazy Yiuf
  1773 | D:2      | Killed Crazy Yiuf
  1775 | D:2      | HP: 2/41 [poisoned by Crazy Yiuf]
  1776 | D:2      | Succumbed to Crazy Yiuf's poison

Illustrated notes

Levels and vault maps discovered:
D:1:      dpeg_arrival_round_c, layout_loops_ring, serial_shops,
          nicolae_shop_advertising_works [nicolae_subvault_shop_adworks]
D:2:      layout_rooms, serial_shops, nicolae_diamond_shop, basic_altar,
          uniq_crazy_yiuf_cottage

Skill      XL: |  1  2  3 |
---------------+----------+-----
Armour         | 4 |  4.8
Fighting       | 4 |  4.3
Shields        | 4 |  4.1
Polearms       | 3 |  3.2
Short Blades   | |  0.5
Dodging        | |  0.1

Action                   |  1- 3 |  4- 6 || total
-------------------------+-------+-------++-------
Melee: Trident           |    49 |       ||    49
       Headbutt          |     7 |     1 ||     8
       Dagger            |    19 |     6 ||    25
       Short sword       |     2 |       ||     2
  Use: Scroll            |     5 |     2 ||     7
       Potion            |       |     2 ||     2
Armor: Scale mail        |    26 |     1 ||    27
Dodge: Dodged            |    27 |     2 ||    29
Block: Buckler           |    13 |       ||    13
       Kite shield       |    14 |     2 ||    16
